 Dungeon Crawl Stone Soup version 0.27.1-35-g4d5d836560 (webtiles) character file.

Game seed: 125015292506854056

4372 Delamore the Slicer (level 10, -8/68 HPs)
             Began as an Octopode Brigand on May 14, 2022.
             Was an Initiate of Gozag.
             Mangled by Harold (18 damage)
             ... on level 8 of the Dungeon.
             The game lasted 00:11:24 (10787 turns).

Delamore the Slicer (Octopode Brigand)             Turns: 10787, Time: 00:11:25

Health: -8/68      AC:  1    Str: 10    XL:     10   Next: 34%
Magic:  10/10      EV: 22    Int: 21    God:    Gozag
Gold:   333        SH:  0    Dex: 25    Spells: 9/9 levels left

rFire    . . .     SeeInvis .   I - +8 dagger "Ziukyqus" {vorpal, Dex+3}
rCold    . . .     Faith    .   (no shield)
rNeg     . . .     Spirit   .   (helmet restricted)
rPois    .         Reflect  .   (no amulet)
rElec    .         Harm     .   f - +6 ring of dexterity
rCorr    .         Rampage  .   s - +4 ring of evasion
Will     .....                  u - ring of wizardry
Stlth    +++++.....             E - +6 ring of intelligence
HPRegen  0.21/turn              (no ring)
MPRegen  0.12/turn              (no ring)
                                (no ring)
                                (no ring)

@: marked, gold aura
A: almost no armour, amphibious, 8 rings, camouflage 1, gelatinous body 1,
(nimble swimmer 1), tentacles
a: Renounce Religion, Potion Petition, Call Merchant, Bribe Branch


You were on level 8 of the Dungeon.
You worshipped Gozag.
Gozag was aware of your devotion.
You visited 2 branches of the dungeon, and saw 9 of its levels.

You collected 540 gold pieces.
You spent 168 gold pieces at shops.
You paid 39 gold pieces to Gozag.

Inventory:

Hand Weapons
 g - a +3 dagger of venom
 k - a +4 dagger
 t - a +2 mace of protection
 G - a +0 dagger of electrocution
 H - a +2 demon blade of draining
 I - the +8 dagger "Ziukyqus" (weapon) {vorpal, Dex+3}
   (You bought it in a shop on level 7 of the Dungeon)

   It inflicts extra damage upon your enemies.
   Dex:       It affects your dexterity (+3).
Missiles
 b - 19 poisoned darts (quivered)
 c - 10 curare-tipped darts
 i - a throwing net
 y - 5 boomerangs
Jewellery
 f - a +6 ring of dexterity (left tentacle)
 p - an amulet of faith
 s - a +4 ring of evasion (right tentacle)
 u - a ring of wizardry (on tentacle)
 E - a +6 ring of intelligence (on tentacle)
Wands
 n - a wand of digging (7)
 z - a wand of iceblast (4)
Scrolls
 a - a scroll of brand weapon
 h - 2 scrolls of enchant armour
 j - 3 scrolls of teleportation
 l - 3 scrolls of noise
 m - a scroll of holy word
 o - 2 scrolls of magic mapping
 q - 2 scrolls of enchant weapon
 v - 2 scrolls of amnesia
 A - a scroll of silence
 C - a scroll of summoning
Potions
 d - 2 potions of curing {unknown}
 e - a potion of haste
 r - a potion of resistance {unknown}
 w - a potion of invisibility {unknown}
 B - a potion of attraction {unknown}
 D - a potion of brilliance {unknown}
 F - a potion of flight


   Skills:
 + Level 5.8 Fighting
 - Level 10.0 Short Blades
 + Level 6.7 Throwing
 + Level 5.8 Dodging
 - Level 6.8 Stealth
 + Level 2.9 Evocations


You had 9 spell levels left.
You didn't know any spells.
Your spell library contained the following spells:

 Spells                   Type           Power      Damage    Failure   Level
 Magic Dart               Conj           0%         1d3       8%          1
 Sandblast                Erth           0%         2d4       8%          1
 Passwall                 Tmut/Erth      0%         N/A       11%         2
 Searing Ray              Conj           0%         3d3       11%         2
 Gell's Gravitas          Tloc           0%         N/A       21%         3
 Lesser Beckoning         Tloc           0%         N/A       21%         3
 Ozocubu's Armour         Ice            0%         N/A       21%         3
 Summon Guardian Golem    Hex/Summ       0%         N/A       21%         3
 Teleport Other           Tloc           0%         N/A       21%         3
 Fulminant Prism          Conj/Hex       0%         3d6       54%         4
 Lee's Rapid Deconstruct  Erth           0%         3d5*      86%         5
 Orb of Destruction       Conj           0%         N/A       100%        7
 Ozocubu's Refrigeration  Ice            0%         4d5       100%        7
 Spellforged Servitor     Conj/Summ      0%         N/A       100%        7


Dungeon Overview and Level Annotations

Branches:
Dungeon (8/15)             Temple (1/1) D:5
   Lair: D:8-11

Altars:
Ashenzari
Cheibriados
Dithmenos
Fedhas
Gozag
Kikubaaqudgha
Makhleb
Okawaru
Qazlal
Ru
Sif Muna
Trog
Uskayaw
Vehumet
Wu Jian
Xom
Yredelemnul
Zin
The Shining One

Shops:
D:7 (**

Annotations:
D:8 Harold


Innate Abilities, Weirdness & Mutations

You cannot wear most types of armour.
You are amphibious.
You can wear up to eight rings at the same time.
Your skin changes colour to match your surroundings (Stealth+).
Your rubbery body absorbs attacks. (AC +1, EV +1)
((You are camouflaged near water. (Stealth+)))
You have tentacles for arms and can constrict up to eight enemies at once.


Message History

Harold is moderately wounded.
You constrict Harold. You hit Harold.
Harold is heavily wounded.
You constrict Harold. Harold closely misses you.
You puncture Harold! You squeeze Harold, but do no damage.
Harold is heavily wounded.
You constrict Harold, but do no damage. You hit Harold but do no damage.
Harold is heavily wounded.
You constrict Harold.
Harold hits you with a +0 war axe of freezing!
* * * LOW HITPOINT WARNING * * *
Harold freezes you.
* * * LOW HITPOINT WARNING * * *
You feel much better.
You constrict Harold, but do no damage.
The centaur wields a +0 shortbow.
The centaur shoots an arrow.
The arrow hits you.
Harold hits you with a +0 war axe of freezing!
* * * LOW HITPOINT WARNING * * *
Harold freezes you.
* * * LOW HITPOINT WARNING * * *
You completely miss Harold.
Harold is heavily wounded.
You constrict Harold. You hit the centaur. You squeeze the centaur!
The centaur is heavily wounded.
You constrict Harold.
The centaur unwields a +0 shortbow.
The centaur misses you. The centaur closely misses you.
Harold completely misses you.
You barely miss the centaur.
The centaur is heavily wounded.
You constrict Harold, but do no damage.
The centaur is distracted by your dazzling golden aura.
You puncture the centaur!
You kill the centaur!
You constrict Harold.
Harold hits you with a +0 war axe of freezing!!
You die...
Your body crumbles into a pile of gold.

.....#....## #..# ..
#....#.....## ..# #.
#....#......## ..# #..
.............####..##...
...............#.......
....<...#######......#
........#...≈g≈......##
........#.8.≈≈≈.$@....##
........#8_8....@.......
........#.8.≈≈≈/........
........#...≈$≈.........
........#######.........
.........>..............
........................
........................
........................
.$.....................


You could see Harold and a goblin.

Vanquished Creatures
  A two-headed ogre (D:8)
  Maggie (D:6)
  A hornet (D:8)
  4 yaks (D:5)
  Eustachio (D:4)
  Menkaure (D:6)
  Duvessa (D:6)
  An orc warrior (D:4)
  A sky beast (D:6)
  An ogre (D:6)
  3 necrophages
  A centaur (D:8)
  2 phantoms
  A kobold brigand (D:8)
  Blork the orc (D:4)
  A gnoll sergeant (D:6)
  Dowan (D:6)
  A wyvern skeleton (D:6)
  11 killer bees
  A howler monkey (D:8)
  A jelly (D:4)
  A bullfrog zombie (D:6)
  3 hounds
  A bullfrog skeleton (D:5)
  A centaur skeleton (D:7)
  2 orc priests
  A gnoll shaman (D:8)
  3 orc wizards
  2 iguanas
  2 hound skeletons
  18 gnolls
  8 adders
  A shadow imp (D:7)
  A white imp (D:7)
  An ufetubus (D:6)
  6 worms
  4 dart slugs
  21 orcs
  7 ball pythons
  7 endoplasms
  7 giant cockroaches
  15 goblins
  7 hobgoblins
  2 jackals (D:2)
  4 quokkas
  6 bats
  4 frilled lizards
  11 kobolds
  5 rats
188 creatures vanquished.

Notes
Turn   | Place    | Note
-------+----------+-------------------------------------------
     0 | D:1      | Delamore the Octopode Brigand began the quest for the Orb.
     0 | D:1      | Reached XP level 1. HP: 14/14 MP: 1/1
   299 | D:1      | Reached XP level 2. HP: 19/19 MP: 2/2
  1003 | D:1      | Reached skill level 3 in Short Blades
  1100 | D:1      | Reached XP level 3. HP: 24/24 MP: 3/3
  1481 | D:2      | Found a faded altar of an unknown god.
  1639 | D:2      | Reached XP level 4. HP: 19/29 MP: 4/4
  1679 | D:2      | Reached skill level 4 in Short Blades
  1958 | D:2      | Reached XP level 5. HP: 34/34 MP: 5/5
  2854 | D:3      | Found an ornate altar of the Wu Jian Council.
  3342 | D:3      | Noticed a phantom
  3484 | D:3      | Killed a phantom
  3485 | D:3      | Reached skill level 5 in Short Blades
  3485 | D:3      | Reached XP level 6. HP: 7/39 MP: 6/6
  4021 | D:4      | Noticed an orc warrior
  4666 | D:4      | Noticed Blork the orc
  4667 | D:4      | Noticed a necrophage
  4674 | D:4      | Killed Blork the orc
  4729 | D:4      | Killed a necrophage
  4730 | D:4      | Reached skill level 6 in Short Blades
  4730 | D:4      | Reached XP level 7. HP: 8/45 MP: 7/7
  5228 | D:4      | Noticed Eustachio
  5232 | D:4      | Killed Eustachio
  5233 | D:4      | Reached skill level 7 in Short Blades
  5431 | D:5      | Entered Level 5 of the Dungeon
  5455 | D:5      | Found a staircase to the Ecumenical Temple.
  5511 | Temple   | Entered the Ecumenical Temple
  5699 | D:5      | Reached XP level 8. HP: 50/50 MP: 8/8
  5734 | D:5      | Noticed a yak
  5735 | D:5      | Noticed a yak
  5737 | D:5      | Noticed a yak
  5738 | D:5      | Noticed a yak
  5750 | D:5      | Killed a yak
  5985 | D:5      | Killed a yak
  5986 | D:5      | Reached skill level 8 in Short Blades
  5986 | D:5      | Reached skill level 5 in Throwing
  6120 | D:5      | Found a glowing silver altar of Zin.
  6143 | D:5      | Killed a yak
  6149 | D:5      | Killed a yak
  6343 | D:5      | Found an opulent altar of Gozag.
  6359 | D:5      | Became a worshipper of Gozag Ym Sagoz the Greedy
  6535 | D:5      | Found a snail-covered altar of Cheibriados.
  6636 | D:5      | Reached skill level 9 in Short Blades
  6860 | D:6      | Reached XP level 9. HP: 54/54 MP: 9/9
  7117 | D:6      | Noticed Menkaure
  7120 | D:6      | Noticed Duvessa
  7121 | D:6      | Noticed Dowan
  7157 | D:6      | Killed Duvessa
  7158 | D:6      | Reached skill level 10 in Short Blades
  7794 | D:6      | Killed Menkaure
  8197 | D:6      | Killed Dowan
  8334 | D:6      | Noticed Maggie
  8337 | D:6      | Found a stormy altar of Qazlal.
  8358 | D:6      | Killed Maggie
  9119 | D:7      | Found Kukohee's Assorted Antiques.
  9161 | D:7      | Found a glowing golden altar of the Shining One.
  9163 | D:7      | Noticed an angel
  9172 | D:7      | Found a basalt altar of Yredelemnul.
  9358 | D:7      | Found Lucs's Antique Weapon Boutique.
  9367 | D:7      | Reached skill level 5 in Fighting
  9383 | D:7      | Reached skill level 5 in Dodging
  9407 | D:7      | Found a burning altar of Makhleb.
  9588 | D:7      | Found a radiant altar of Vehumet.
  9769 | D:7      | Found Zihaaq's Assorted Antiques.
 10108 | D:7      | Bought a glimmering dagger for 168 gold pieces
 10108 | D:7      | Identified the +8 dagger "Ziukyqus" {vorpal, Dex+3} (You
                  | bought it in a shop on level 7 of the Dungeon)
 10288 | D:8      | Noticed a hornet
 10295 | D:8      | Killed a hornet
 10296 | D:8      | Reached skill level 1 in Evocations
 10296 | D:8      | Reached XP level 10. HP: 66/66 MP: 10/10
 10746 | D:8      | Noticed a two-headed ogre
 10753 | D:8      | Killed a two-headed ogre
 10767 | D:8      | Noticed Harold
 10768 | D:8      | Found an iron altar of Okawaru.
 10787 | D:8      | Mangled by Harold

Illustrated notes

Levels and vault maps discovered:
D:1:      ebering_trefoil_3fold, layout_basic
D:2:      minmay_chambers_of_ones, layout_loops_ring,
          hellmonk_ecumenical_altar_dog_temple
D:3:      kennysheep_big_flooded_room, layout_basic, nzn_wu_jian_council_hall,
          st_stairs_9
D:4:      layout_basic, minmay_close_crescents, uniq_eustachio,
          uniq_blork_the_orc
D:5:      layout_basic, cheibrodos_worm_habitat, nicolae_gozag_seed_capital,
          zin_statuary, minmay_temple_entry_arrows
D:6:      layout_rooms, mainiacjoe_overflow_brackets, uniq_menkaure,
          uniq_maggie, uniq_duvessa
D:7:      layout_layer_cave, grunt_temple_overflow_holy_war,
          mainiacjoe_overflow_six_doors_small, vehumet_crystals, serial_shops,
          shop, shop, shop, kennysheep_small_square
D:8:      layout_layer_cave, kennysheep_okawaru_gauntlet, uniq_harold
Temple:   compressed_dpeg_triangle_lava_temple

Skill      XL: |  1  2  3  4  5  6  7  8  9 10 |
---------------+-------------------------------+-----
Short Blades   | 3 4 5 6 7 9 10 | 10.0
Stealth        | 6 |  6.8
Throwing       | 3 4 5 6 |  6.7
Dodging        | 5 |  5.8
Fighting       | 5 |  5.8
Evocations     | 1 2 |  2.9

Action                   |  1- 3 |  4- 6 |  7- 9 | 10-12 || total
-------------------------+-------+-------+-------+-------++-------
Melee: Dagger            |    43 |   151 |   253 |    61 ||   508
       Constrict         |    10 |    31 |    37 |    11 ||    89
       Tentacles         |    10 |    25 |    64 |    16 ||   115
Throw: Dart              |       |    16 |    28 |       ||    44
  Use: Potion            |       |     5 |     1 |     2 ||     8
       Scroll            |       |     3 |     9 |       ||    12
 Stab: Sleeping          |    14 |    18 |    11 |     2 ||    45
       Distracted        |       |     2 |     3 |       ||     5
Armor: Skin              |     2 |    13 |     5 |     1 ||    21
Dodge: Dodged            |    12 |    53 |   117 |    56 ||   238
